 Dungeon Crawl Stone Soup version 0.31.0-9-g3a7656b989 (webtiles) character file.

Game seed: 18075220330533367686

307150 James the Bludgeoner (level 21, -1/168 HPs)
             Began as a Gnoll Wanderer on Jan 29, 2024.
             Was the Champion of the Shining One.
             Hit by a silver javelin thrown by a merfolk javelineer (3 damage)
             ... on level 4 of the Shoals on Jan 30, 2024.
             The game lasted 02:54:55 (56856 turns).

James the Bludgeoner (Gnoll Wanderer)              Turns: 56856, Time: 02:54:56

Health: -1/168     AC: 30    Str: 27    XL:     21   Next: 18%
Magic:  39/39      EV: 14    Int:  4    God:    the Shining One [******]
Gold:   641        SH: 40    Dex:  9    Spells: 41/49 levels left

rFire   + . .        a - +9 trishula (holy)
rCold   + + .        R - +6 tower shield {rC+}
rNeg    + + +        N - +11 swamp dragon scales of the Moon {rPois rC++ Dex-5 Slay+4}
rPois   +            z - +0 hat of the Evening {rElec rCorr Str+4 Int-5}
rElec   +            n - +1 cloak
rCorr   +            w - +2 pair of gloves
SInv    .            Z - +0 pair of boots
Will    +....        J - amulet of reflection
Stlth   ++           q - ring of fire
HPRegen 0.48/turn    u - ring of flight
MPRegen 0.26/turn

%: reflection
@: divinely shielded, flying, glowing
A: fangs 1, strong nose, distributed training
}: 2/15 runes: serpentine, barnacled
a: Renounce Religion, Divine Shield, Cleansing Flame, Summon Divine Warrior


You were on level 4 of the Shoals.
You worshipped the Shining One.
The Shining One was exalted by your worship.
You visited 7 branches of the dungeon, and saw 34 of its levels.
You also visited: Ossuary and Ice Cave.

You collected 4670 gold pieces.
You spent 4029 gold pieces at shops.

Inventory:

Hand Weapons
 a - a +9 trishula of holy wrath (weapon) (the Shining One gifted it to you on level 1 of the Vaults)
 b - the +11 spear of Analysis {venom, rPois Int+3}
   (You found it on level 10 of the Dungeon)

   Int+3:     It affects your intelligence (+3).
   rPois:     It protects you from poison
 D - a +0 eveningstar
   (You found it on level 2 of the Vaults)
 I - the +4 sling "Fish" {heavy, rElec rN+++ Will- Dex+4}
   (You took it off a hobgoblin on level 4 of the Dungeon)

   Dex+4:     It affects your dexterity (+4).
   rElec:     It insulates you from electricity.
   rN+++:     It renders you almost immune to negative energy.
   Will-:     It decreases your willpower.
 M - the +1 great sword "Zuist" {spect, rElec Int+4}
   (You found it on level 4 of the Shoals)

   Int+4:     It affects your intelligence (+4).
   rElec:     It insulates you from electricity.
Missiles
 f - 7 silver javelins
 s - 31 poisoned darts
 t - 9 atropa-tipped darts (quivered)
 H - 5 throwing nets {!f}
 L - 9 javelins
 W - 2 curare-tipped darts {!f}
Armour
 l - a +1 plate armour of fire resistance
   (You took it off an orc warlord on level 1 of the Vaults)
 n - a +1 cloak (worn)
   (You found it on level 7 of the Dungeon)
 r - +0 ice dragon scales
   (You found it in an ice cave)
 w - a +2 pair of gloves (worn)
   (You bought it in a shop on level 2 of the Orcish Mines)
 z - the +0 hat of the Evening (worn) {rElec rCorr Str+4 Int-5}
   (You bought it in a shop on level 2 of the Orcish Mines)

   Str+4:     It affects your strength (+4).
   Int-5:     It affects your intelligence (-5).
   rElec:     It insulates you from electricity.
   rCorr:     It protects you from acid and corrosion.
 N - the +11 swamp dragon scales of the Moon (worn) {rPois rC++ Dex-5 Slay+4}
   (You bought it in a shop on level 2 of the Vaults)

   Dex-5:     It affects your dexterity (-5).
   Slay+4:    It affects your accuracy & damage with ranged weapons and melee
   (+4).
   rC++:      It greatly protects you from cold.
   rPois:     It protects you from poison
 Q - a +2 chain mail of willpower
   (You took it off an orc knight on level 1 of the Vaults)
 R - a +6 tower shield of cold resistance (worn)
   (You bought it in a shop on level 2 of the Orcish Mines)
 Z - a +0 pair of boots (worn)
   (You found it on level 5 of the Dungeon)
Jewellery
 q - a ring of fire (left hand)
   (You found it on level 1 of the Snake Pit)
 u - a ring of flight (right hand)
   (You found it on level 3 of the Dungeon)
 y - a ring of willpower
   (You found it on level 3 of the Vaults)
 E - a +4 ring of protection
   (You found it on level 3 of the Lair of Beasts)
 J - an amulet of reflection (around neck)
   (You found it on level 2 of the Lair of Beasts)
 S - the ring "Uveodonk" {Str+6 Dex+3 SInv}
   (You acquired it on level 8 of the Dungeon)

   [ring of strength]

   Str+6:     It affects your strength (+6).
   Dex+3:     It affects your dexterity (+3).
   SInv:      It lets you see invisible.
 X - an amulet of guardian spirit
   (You found it on level 1 of the Vaults)
Wands
 c - a wand of polymorph (6)
 i - a wand of charming (12)
   (You found it on level 13 of the Dungeon)
 m - a wand of roots (54)
   (You found it on level 7 of the Dungeon)
 v - a wand of digging (10)
   (You found it on level 8 of the Dungeon)
 x - a wand of acid (4)
   (You found it on level 10 of the Dungeon)
 P - a wand of mindburst (5)
   (You found it on level 14 of the Dungeon)
Scrolls
 d - 3 scrolls of blinking
 e - 2 scrolls of silence
 j - 12 scrolls of teleportation {@r4}
 C - 3 scrolls of fog
 F - 4 scrolls of fear
 O - a scroll of revelation
 T - 2 scrolls of brand weapon
 V - 3 scrolls of immolation {!r}
Potions
 g - a potion of ambrosia
 k - 4 potions of brilliance
 o - 16 potions of curing {@q1}
 p - 7 potions of might
 A - 3 potions of berserk rage
 B - 8 potions of enlightenment
 G - 3 potions of cancellation
 K - 13 potions of haste {@q3}
 U - 5 potions of magic
 Y - 7 potions of mutation {!q}
Miscellaneous
 h - a condenser vane
   (You found it on level 3 of the Snake Pit)


   Skills:
 + Level 15.3 Fighting
 + Level 14.9 Short Blades
 + Level 14.7 Long Blades
 + Level 14.7 Axes
 + Level 16.7 Maces & Flails
 + Level 14.7 Polearms
 + Level 14.7 Staves
 + Level 14.7 Ranged Weapons
 + Level 14.7 Throwing
 + Level 14.7 Armour
 + Level 14.7 Dodging
 + Level 14.7 Stealth
 + Level 14.7 Shields
 + Level 14.7 Unarmed Combat
 + Level 14.7 Spellcasting
 + Level 12.5 Conjurations
 + Level 12.5 Hexes
 + Level 12.5 Summonings
 + Level 12.5 Necromancy
 + Level 12.5 Translocations
 + Level 12.5 Fire Magic
 + Level 12.5 Ice Magic
 + Level 12.5 Air Magic
 + Level 12.5 Earth Magic
 + Level 12.5 Alchemy
 + Level 15.9 Invocations
 + Level 15.9 Evocations
 + Level 13.5 Shapeshifting


You had 41 spell levels left.
You knew the following spells:

 Your Spells              Type           Power      Damage    Failure   Level
a - Lesser Beckoning      Tloc           24%        N/A       1%          2
b - Swiftness             Air            12%        N/A       1%          3
c - Blink                 Tloc           24%        N/A       1%          2
s - Slow                  Hex            48%        N/A       1%          1

Your spell library contained the following spells:

 Spells                   Type           Power      Damage    Failure   Level
 Magic Dart               Conj           48%        1d5       1%          1
 Shock                    Conj/Air       48%        1d6       1%          1
 Sting                    Conj/Alch      48%        1d6       1%          1
 Call Imp                 Summ           24%        N/A       1%          2
 Mercury Vapours          Alch/Air       24%        N/A       1%          2
 Momentum Strike          Conj/Tloc      24%        3d8       1%          2
 Searing Ray              Conj           24%        2d5       1%          2
 Sublimation of Blood     Necr           12%        N/A       1%          2
 Confusing Touch          Hex            12%        N/A       1%          3
 Gell's Gravitas          Tloc           12%        N/A       1%          3
 Ozocubu's Armour         Ice            12%        N/A       1%          3
 Sigil of Binding         Hex            12%        N/A       1%          3
 Teleport Other           Tloc           12%        N/A       1%          3
 Vampiric Draining        Necr           12%        2d6       1%          3
 Airstrike                Air            6%         2d(1-17)  2%          4
 Fulminant Prism          Conj/Alch      6%         3d7       2%          4
 Olgreb's Toxic Radiance  Alch           12%        N/A       2%          4
 Vhi's Electric Charge    Tloc/Air       24%        N/A       2%          4
 Alistair's Intoxication  Alch           8%         N/A       6%          5
 Arcjolt                  Conj/Air       6%         1d16      6%          5
 Borgnjor's Vile Clutch   Necr/Erth      6%         N/A       6%          5
 Metabolic Englaciation   Hex/Ice        6%         N/A       6%          5
 Eringya's Noxious Bog    Alch           6%         4d6       34%         6
 Plasma Beam              Fire/Air       9%         2x1d20    34%         6
 Sculpt Simulacrum        Ice/Alch       6%         N/A       34%         6
 Summon Hydra             Summ           6%         N/A       88%         7


Dungeon Overview and Level Annotations

Branches:
Dungeon (15/15)            Temple (1/1) D:5            Lair (5/5) D:10
 Shoals (4/4) Lair:2        Snake (4/4) Lair:3          Orc (2/2) D:10
    Elf (0/3) Orc:2        Vaults (3/5) D:14          Crypt (0/3) Vaults:3
 Depths (0/4) D:15        Ossuary (visited)           IceCv (visited)
  Slime: Lair:4-5

Altars:
Ashenzari
Cheibriados
Dithmenos
Elyvilon
Fedhas
Gozag
Hepliaklqana
Kikubaaqudgha
Makhleb
Nemelex Xobeh
Okawaru
Qazlal
Sif Muna
Trog
Uskayaw
Vehumet
Wu Jian
Xom
Yredelemnul
Zin
The Shining One

Shops:
D:4 (   D:5 (   Orc:1 [   Orc:2 [[?   Shoals:1 *   Snake:2 (!((   Snake:3 [
Snake:4 *   Vaults:2 [[(:

Portals:
Trove: D:13 (give +5 ice dragon scales)

Annotations:
Lair:4 exclusion: 4 oklob plants
Shoals:3 2 transporters, Heipt's ghost, adept OpSh
Vaults:2 3 runed translucent doors, exclusion: 3 doors


Innate Abilities, Weirdness & Mutations

You have very sharp teeth.
Your uncanny sense of smell can sniff out nearby items.
Your experience applies equally to all skills.


Message History

The merfolk javelineer throws a silver javelin.
The silver javelin pierces through you!!
* * * LOW HITPOINT WARNING * * *
You block the alligator snapping turtle's attack.
The merfolk throws a boomerang.
The boomerang hits you but does no damage.
You are too injured to fight recklessly!
Unknown command.
The merfolk javelineer throws a silver javelin.
The silver javelin pierces through you!
* * * LOW HITPOINT WARNING * * *
* * * LOW HITPOINT WARNING * * *
The merfolk throws a boomerang.
You block the boomerang with an invisible shield... and reflect it back!
The boomerang hits the merfolk!
You kill the merfolk!
You hear a splash. x2
You block the alligator snapping turtle's attack.
The merfolk javelineer throws a silver javelin.
The silver javelin pierces through you but does no damage.
* * * LOW HITPOINT WARNING * * *
You block the alligator snapping turtle's attack.
The merfolk javelineer throws a silver javelin.
The silver javelin pierces through you but does no damage.
* * * LOW HITPOINT WARNING * * *
Your shield is strengthened by the Shining One's divine power.
You block the alligator snapping turtle's attack.
The merfolk javelineer throws a silver javelin.
The silver javelin pierces through you!!
* * * LOW HITPOINT WARNING * * *
* * * LOW HITPOINT WARNING * * *
You fail to use your ability.
The merfolk javelineer throws a silver javelin.
The silver javelin pierces through you!
* * * LOW HITPOINT WARNING * * *
* * * LOW HITPOINT WARNING * * *
The alligator snapping turtle bites you!!
* * * LOW HITPOINT WARNING * * *
Okay, then.
Blink to where?
Press: ? - help, Dir - move target
As you read the scroll of blinking, it crumbles to dust.
Blink to where?
Press: ? - help, Dir - move target
As you read the scroll of blinking, it crumbles to dust.
There is an escape hatch in the ceiling here.
The merfolk javelineer throws a silver javelin.
The silver javelin pierces through you!
* * * LOW HITPOINT WARNING * * *
You die...

≈~~~~~≈≈≈≈≈≈≈≈≈≈≈≈≈≈≈≈≈≈≈
≈≈≈≈~~~~~~~~≈≈≈≈≈≈≈≈≈≈≈≈≈≈≈≈≈
≈≈≈≈≈≈≈≈~~~~~~~~~≈≈≈≈≈≈≈≈≈≈≈≈≈≈≈≈
≈≈≈≈≈≈≈≈~~.~.~~~~~≈≈≈≈≈≈≈≈≈≈≈≈≈≈≈
≈≈≈≈≈≈≈~~....~.~~~~≈≈≈≈≈≈≈#######
~≈≈≈≈≈≈~~~...~.~~~~~~P≈≈≈##≈≈≈≈≈#
~~~~≈≈≈~~~......~~~~~PP≈##≈#....~
~~~~~~~≈~~~~~...~~~~P~PP#≈#|.≈≈..
..~~~~~~~~.~~...@~P~~~P~#≈..≈#≈#.
....~~~~~m~~...#.~~~~≈≈P#≈.≈##≈≈.
......~~~P~P.P##.PP~~~P~#≈.≈≈≈≈..
......~~...P#.###~P~~P~P#≈..#≈..#
.....#.~...###..~P~~~PPP##~....#.
.#######~..###..~~~P~PPP.##~....#
##≈≈≈≈≈##...PP..P~~~P~~~..######[
#~....#≈##.P....~~~~.~.....[.....
~..≈≈..#≈#.P.~..~~~~.......).<...


You could see a merfolk javelineer.

Vanquished Creatures
  A golden dragon (Vaults:2)
  A tentacled monstrosity (Vaults:2)
  2 sphinxes
  A kraken (Shoals:4)
  Frances (Snake:1)
  An ancient champion (Vaults:3)
  Aizul (Snake:1)
  Kirke (D:12)
  A tengu reaver (Vaults:3)
  A frost giant (IceCv)
  3 nagarajas
  7 vault wardens
  2 orc warlords
  A formless jellyfish (Vaults:2)
  16 ironbound preservers
  4 ironbound thunderhulks
  18 dire elephants
  A quicksilver dragon zombie (D:15)
  2 ettins
  2 crystal guardians (Vaults:2)
  11 merfolk impalers
  6 merfolk javelineers
  Josephine (Orc:2)
  9 yaktaur captains
  4 great orbs of eyes
  3 salamander tyrants
  A peacekeeper (Vaults:2)
  3 catoblepae (Lair:5)
  A sphinx zombie (D:15)
  4 vault guards (Vaults:2)
  7 ironbound frosthearts
  6 centaur warriors
  5 merfolk avatars
  An ogre mage (Orc:1)
  6 hydras
  3 merfolk aquamancers
  7 two-headed ogres
  15 anacondas
  16 death yaks
  4 satyrs
  2 boulder beetles
  A tengu warrior (D:15)
  11 naga warriors
  8 shock serpents
  11 naga sharpshooters
  A titan skeleton (Vaults:3)
  8 skysharks
  7 skeletal warriors
  A flayed ghost (D:14)
  4 salamander mystics
  A shadow wraith (D:14)
  A storm dragon skeleton (D:15)
  19 sea snakes
  11 mana vipers
  An orb spider (D:9)
  3 arcanists
  12 ironbound convokers
  11 lindwurms
  36 deep trolls
  3 naga ritualists
  Pikel (D:5)
  12 orc knights
  2 necromancers
  3 deep elf pyromancers
  A shadow dragon skeleton (Vaults:3)
  17 harpies
  6 orc sorcerers (Orc:2)
  21 ugly things
  18 fauns
  A tengu skeleton (Vaults:3)
  12 manticores
  3 cyclopes
  17 salamanders
  3 elephants (Lair:5)
  5 vault sentinels
  11 merfolk sirens
  22 black mambas
  4 kobold blastminers
  2 torpor snails
  5 guardian serpents
  9 cane toads
  15 naga magi
  A gargoyle (D:13)
  An ice statue (IceCv)
  6 water nymphs
  5 unseen horrors
  28 yaktaurs
  An efreet (D:15)
  12 rime drakes
  A kobold demonologist (D:14)
  8 komodo dragons
  A freezing wraith (D:15)
  2 trolls
  A queen bee (shapeshifter) (D:14)
  A troll (shapeshifter) (D:14)
  2 elf skeletons (Vaults:3)
  A yaktaur skeleton (Vaults:3)
  A tyrant leech (D:14)
  A wind drake (Shoals:3)
  Prince Ribbit (D:5)
  3 hornets
  6 polar bears
  A tarantella (shapeshifter) (D:15)
  8 blink frogs
  43 merfolk
  5 dream sheep (Lair:5)
  9 snapping turtles
  25 slime creatures
  An ettin skeleton (Vaults:3)
  A vampire (D:9)
  6 wraiths
  2 shadows
  2 spriggans
  5 hogs
  3 fire bats
  5 water elementals
  91 yaks
  6 wyverns
  4 basilisks
  A steam dragon (D:9)
  5 vampire mosquitoes
  15 wargs
  Edmund (D:6)
  2 death yak simulacra (Orc:2)
  4 acid dragons
  A glowing shapeshifter zombie (Vaults:3)
  A swamp worm (shapeshifter) (Vaults:2)
  39 nagas
  2 hell hounds (D:14)
  11 water moccasins
  A glowing shapeshifter skeleton (Vaults:3)
  An ogre skeleton (Vaults:3)
  19 orc warriors
  5 black bears
  2 ice beasts (D:7)
  3 ogres
  4 centaurs
  36 wolves
  4 human skeletons (Vaults:3)
  A phantom (D:7)
  13 bullfrogs
  5 kobold brigands
  Blork the orc (D:5)
  2 scorpions
  A two-headed ogre simulacrum (Orc:2)
  2 gnoll sergeants
  13 wights
  11 killer bees
  10 electric eels
  7 howler monkeys
  2 vampire bats (D:14)
  A lava snake (D:11)
  14 orc priests
  A bombardier beetle (D:3)
  5 hounds
  6 jellies
  A gnoll bouda (D:9)
  4 hell rats (Lair:2)
  3 iguanas
  31 orc wizards
  A polar bear simulacrum (Orc:2)
  A troll simulacrum (Orc:2)
  2 spriggan simulacra (Orc:2)
  8 mummies (Ossuary)
  19 gnolls
  4 adders
  A naga simulacrum (Orc:2)
  A white imp (D:7)
  10 dart slugs
  5 ribbon worms
  83 orcs
  10 endoplasms
  A giant cockroach (D:4)
  4 goblins
  9 hobgoblins
  8 jackals
  3 quokkas
  5 ball pythons
  10 bats
  2 frilled lizards
  A gnoll zombie (Ossuary)
  2 hobgoblin zombies (Ossuary)
  18 kobolds
  2 kobold zombies (Ossuary)
  3 orc zombies (Ossuary)
  4 rats
  A butterfly (Lair:5)
  3 tentacles (Shoals:4)
1334 creatures vanquished.

Vanquished Creatures (collateral kills)
  Jorgrun (Snake:1)
  Ilsuiw (Shoals:2)
  The ghost of Valeaz the Thaumaturge, a journeyman GnAE of Sif Muna (Orc:1)
  A dire elephant (Vaults:2)
  A merfolk impaler (Shoals:2)
  A merfolk avatar (Shoals:1)
  A naga warrior (Snake:1)
  A naga sharpshooter (Snake:1)
  2 salamanders (Snake:1)
  2 merfolk sirens
  2 water nymphs (Shoals:1)
  A vault sentinel (Vaults:2)
  2 snapping turtles
  A naga (Snake:1)
18 creatures vanquished.

Vanquished Creatures (others)
  A harpy (Shoals:4)
  A naga mage (Lair:3)
  A rime drake (IceCv)
  A merfolk (Shoals:4)
  A hound (D:14)
  An orc wizard (Orc:2)
  An orc (Orc:2)
  2 kobolds (D:14)
  6 tentacles
15 creatures vanquished.

Grand Total: 1367 creatures vanquished

Notes
Turn   | Place    | Note
-------+----------+-------------------------------------------
     0 | D:1      | James the Gnoll Wanderer began the quest for the Orb.
     0 | D:1      | James set off with the following items: a +2 mace, a +0
                  | short sword, a wand of polymorph (7), a scroll of blinking,
                  | a +0 leather armour.
     0 | D:1      | Reached XP level 1. HP: 20/20 MP: 1/1
     0 | D:1      | Noticed a ghoul
     3 | D:1      | Noticed an elf
     6 | D:1      | Noticed a spriggan
     7 | D:1      | Noticed a draconian
     8 | D:1      | Noticed an oni
     9 | D:1      | Noticed a barachi
    22 | D:1      | Noticed a draconian
    24 | D:1      | Noticed a naga
    24 | D:1      | Noticed a minotaur
    26 | D:1      | Noticed a gargoyle
    26 | D:1      | Noticed a formicid
    28 | D:1      | Noticed an oni
    30 | D:1      | Noticed an octopode
    30 | D:1      | Noticed a human
    32 | D:1      | Noticed an armataur
   139 | D:1      | Reached XP level 2. HP: 26/26 MP: 2/2
   482 | D:2      | Reached XP level 3. HP: 29/31 MP: 3/3
   603 | D:2      | Reached skill level 1 in Invocations
   873 | D:3      | Reached skill level 1 in Long Blades
   873 | D:3      | Reached skill level 1 in Axes
   873 | D:3      | Reached skill level 1 in Polearms
   873 | D:3      | Reached skill level 1 in Staves
   873 | D:3      | Reached skill level 1 in Ranged Weapons
   873 | D:3      | Reached skill level 1 in Throwing
   873 | D:3      | Reached skill level 1 in Armour
   873 | D:3      | Reached skill level 1 in Dodging
   873 | D:3      | Reached skill level 1 in Stealth
   873 | D:3      | Reached skill level 1 in Shields
   873 | D:3      | Reached skill level 1 in Unarmed Combat
   873 | D:3      | Reached skill level 1 in Spellcasting
  1138 | D:3      | Found a faded altar of an unknown god.
  1204 | D:3      | Reached skill level 1 in Conjurations
  1204 | D:3      | Reached skill level 1 in Hexes
  1204 | D:3      | Reached skill level 1 in Summonings
  1204 | D:3      | Reached skill level 1 in Necromancy
  1204 | D:3      | Reached skill level 1 in Translocations
  1204 | D:3      | Reached skill level 1 in Fire Magic
  1204 | D:3      | Reached skill level 1 in Ice Magic
  1204 | D:3      | Reached skill level 1 in Air Magic
  1204 | D:3      | Reached skill level 1 in Earth Magic
  1204 | D:3      | Reached skill level 1 in Alchemy
  1204 | D:3      | Reached skill level 1 in Shapeshifting
  1204 | D:3      | Reached XP level 4. HP: 38/38 MP: 5/5
  1289 | D:3      | Found a snail-covered altar of Cheibriados.
  1426 | D:3      | Reached XP level 5. HP: 43/43 MP: 7/7
  1713 | D:4      | Found Jofeunu's Weapon Boutique.
  1789 | D:4      | Reached XP level 6. HP: 50/50 MP: 8/8
  1802 | D:4      | Reached skill level 5 in Fighting
  1833 | D:4      | Noticed a black bear
  1850 | D:4      | Killed a black bear
  1887 | D:4      | Reached XP level 7. HP: 45/56 MP: 10/10
  1924 | D:4      | Identified the +4 sling "Fish" {heavy, rElec rN+++ Will-
                  | Dex+4}
  2542 | D:5      | Entered Level 5 of the Dungeon
  2542 | D:5      | Noticed Prince Ribbit
  2545 | D:5      | Found a staircase to the Ecumenical Temple.
  2601 | D:5      | Killed Prince Ribbit
  2602 | D:5      | Reached skill level 9 in Maces & Flails
  2621 | Temple   | Entered the Ecumenical Temple
  2628 | Temple   | Became a worshipper of the Shining One
  2881 | D:5      | Found an ancient bone altar of Kikubaaqudgha.
  2884 | D:5      | Found a hide-covered altar of Uskayaw.
  2885 | D:5      | Found a broken altar of Ashenzari.
  2885 | D:5      | Found a blossoming altar of Fedhas.
  2923 | D:5      | Noticed Blork the orc
  2925 | D:5      | Found Kaoss's Weapon Shop.
  2935 | D:5      | Killed Blork the orc
  2936 | D:5      | Reached XP level 8. HP: 14/63 MP: 12/12
  3039 | D:5      | Noticed Pikel
  3058 | D:5      | Killed Pikel
  3408 | D:6      | Noticed Edmund
  3429 | D:6      | Killed Edmund
  3572 | D:5      | Reached XP level 9. HP: 21/66 MP: 14/14
  3700 | D:6      | Found a sand-covered staircase.
  3717 | Ossuary  | Entered an ossuary
  3734 | Ossuary  | Reached * piety under the Shining One
  3793 | Ossuary  | Reached skill level 5 in Short Blades
  4112 | D:6      | Reached ** piety under the Shining One
  4317 | D:6      | Found a shimmering altar of Xom.
  4773 | D:7      | Reached skill level 5 in Invocations
  4811 | D:7      | Noticed a hornet
  4816 | D:7      | Paralysed by a hornet for 2 turns
  4823 | D:7      | Killed a hornet
  5160 | D:7      | Reached skill level 5 in Long Blades
  5160 | D:7      | Reached skill level 5 in Axes
  5160 | D:7      | Reached skill level 5 in Polearms
  5160 | D:7      | Reached skill level 5 in Staves
  5160 | D:7      | Reached skill level 5 in Ranged Weapons
  5160 | D:7      | Reached skill level 5 in Throwing
  5160 | D:7      | Reached skill level 5 in Armour
  5160 | D:7      | Reached skill level 5 in Dodging
  5160 | D:7      | Reached skill level 5 in Stealth
  5160 | D:7      | Reached skill level 5 in Shields
  5160 | D:7      | Reached skill level 5 in Unarmed Combat
  5160 | D:7      | Reached skill level 5 in Spellcasting
  5160 | D:7      | Reached XP level 10. HP: 77/77 MP: 17/17
  5231 | D:7      | Reached skill level 10 in Maces & Flails
  5894 | D:8      | Reached skill level 5 in Shapeshifting
  6900 | D:9      | Noticed a cyan ugly thing
  6915 | D:9      | Killed a cyan ugly thing
  7044 | D:9      | Paralysed by a hornet for 2 turns
  7261 | D:9      | Identified a scroll of acquirement
  7424 | D:9      | Reached *** piety under the Shining One
  7434 | D:9      | Reached skill level 5 in Conjurations
  7434 | D:9      | Reached skill level 5 in Hexes
  7434 | D:9      | Reached skill level 5 in Summonings
  7434 | D:9      | Reached skill level 5 in Necromancy
  7434 | D:9      | Reached skill level 5 in Translocations
  7434 | D:9      | Reached skill level 5 in Fire Magic
  7434 | D:9      | Reached skill level 5 in Ice Magic
  7434 | D:9      | Reached skill level 5 in Air Magic
  7434 | D:9      | Reached skill level 5 in Earth Magic
  7434 | D:9      | Reached skill level 5 in Alchemy
  7434 | D:9      | Reached XP level 11. HP: 83/85 MP: 20/20
  7472 | D:8      | Acquired the ring "Uveodonk" {Str+6 Dex+3 SInv}
  7607 | D:9      | Noticed a two-headed ogre
  7611 | D:9      | a two-headed ogre changed into an orb spider
  7611 | D:9      | Noticed an orb spider
  7641 | D:9      | Killed an orb spider
  7918 | D:9      | Found a bloodstained altar of Trog.
  7918 | D:9      | Found a sparkling altar of Nemelex Xobeh.
  8051 | D:10     | Entered Level 10 of the Dungeon
  8107 | D:10     | Identified the +11 spear of Analysis {venom, rPois Int+3}
  8711 | D:10     | Found a staircase to the Lair.
  8933 | D:10     | Found a staircase to the Orcish Mines.
  9119 | D:11     | Noticed a manticore
  9129 | D:11     | Killed a manticore
  9213 | D:11     | Noticed a brown ugly thing
  9225 | D:11     | Killed a brown ugly thing
  9423 | D:11     | Noticed a cyclops
  9433 | D:11     | Killed a cyclops
  9454 | D:11     | Noticed a two-headed ogre
  9456 | D:11     | Noticed a brown ugly thing
  9466 | D:11     | Killed a two-headed ogre
  9467 | D:11     | Reached skill level 11 in Maces & Flails
  9479 | D:11     | Killed a brown ugly thing
  9809 | Lair:1   | Entered Level 1 of the Lair of Beasts
  9890 | Lair:1   | Reached XP level 12. HP: 89/94 MP: 22/22
 10217 | Lair:1   | Noticed an eight-headed hydra
 10226 | Lair:1   | Killed an eight-headed hydra
 10284 | Lair:1   | Reached skill level 10 in Evocations
 10422 | Lair:1   | Reached **** piety under the Shining One
 11274 | Lair:2   | Noticed a death yak
 11274 | Lair:2   | Noticed a death yak
 11274 | Lair:2   | Noticed a death yak
 11274 | Lair:2   | Noticed a death yak
 11274 | Lair:2   | Noticed a death yak
 11297 | Lair:1   | Killed a death yak
 11819 | Lair:2   | Killed a death yak
 11820 | Lair:2   | Reached XP level 13. HP: 101/101 MP: 25/25
 11987 | Lair:2   | Found a staircase to the Shoals.
 12889 | Lair:2   | Found a staircase to the Shoals.
 13130 | Lair:2   | Reached skill level 12 in Maces & Flails
 14096 | Lair:3   | Found a staircase to the Snake Pit.
 14107 | Lair:3   | Reached skill level 10 in Fighting
 15798 | Lair:5   | Entered Level 5 of the Lair of Beasts
 15942 | Lair:5   | Reached ***** piety under the Shining One
 15974 | Lair:5   | Reached XP level 14. HP: 73/110 MP: 27/27
 15981 | Lair:5   | Reached skill level 10 in Invocations
 17129 | Lair:5   | Reached skill level 10 in Short Blades
 19113 | D:13     | Found a portal to a secret trove of treasure.
 19773 | D:13     | Identified the +0 hat "Semotox" {rCorr}
 20198 | Orc:1    | Entered Level 1 of the Orcish Mines
 20249 | Orc:1    | Found Hiwn's Antique Armour Emporium.
 20451 | Orc:2    | Entered Level 2 of the Orcish Mines
 20452 | Orc:2    | Paralysed by an orc sorcerer for 4 turns
 20480 | Orc:2    | Noticed Josephine
 20495 | Orc:2    | Killed Josephine
 20496 | Orc:2    | Reached skill level 10 in Long Blades
 20496 | Orc:2    | Reached skill level 10 in Axes
 20496 | Orc:2    | Reached skill level 10 in Polearms
 20496 | Orc:2    | Reached skill level 10 in Staves
 20496 | Orc:2    | Reached skill level 10 in Ranged Weapons
 20496 | Orc:2    | Reached skill level 10 in Throwing
 20496 | Orc:2    | Reached skill level 10 in Armour
 20496 | Orc:2    | Reached skill level 10 in Dodging
 20496 | Orc:2    | Reached skill level 10 in Stealth
 20496 | Orc:2    | Reached skill level 10 in Shields
 20496 | Orc:2    | Reached skill level 10 in Unarmed Combat
 20496 | Orc:2    | Reached skill level 10 in Spellcasting
 20559 | Orc:2    | Found a frozen archway.
 20566 | Orc:2    | Reached skill level 13 in Maces & Flails
 20572 | Orc:2    | Found a staircase to the Elven Halls.
 20614 | IceCv    | Entered an ice cave
 20719 | IceCv    | Reached XP level 15. HP: 114/118 MP: 29/29
 21517 | IceCv    | Noticed a frost giant
 21517 | IceCv    | Reached ****** piety under the Shining One
 21548 | IceCv    | Killed a frost giant
 23411 | Orc:1    | Found a runed translucent door.
 23415 | Orc:1    | Noticed Valeaz's ghost (journeyman GnAE)
 24603 | Orc:2    | Paralysed by an orc sorcerer for 4 turns
 24665 | Orc:2    | Found Adobos's Antique Armour Emporium.
 24846 | Orc:2    | Found Gatzekh's Antique Armour Shoppe.
 25097 | Orc:2    | Found Biaxzytz's Magic Scroll Emporium.
 25369 | Orc:2    | Bought a scroll of acquirement for 728 gold pieces
 25383 | Orc:2    | Bought a pitted hat for 243 gold pieces
 25383 | Orc:2    | Identified the +0 hat of the Evening {rElec rCorr Str+4
                  | Int-5} (You bought it in a shop on level 2 of the Orcish
                  | Mines)
 25459 | Orc:1    | Bought a bloodstained scale mail for 180 gold pieces
 25459 | Orc:1    | Identified the +0 scale mail of Ucexkyps {MP+9 Str-2 Int+2
                  | SInv} (You bought it in a shop on level 1 of the Orcish
                  | Mines)
 25526 | Orc:2    | Bought a runed tower shield for 202 gold pieces
 25537 | Orc:2    | Bought a pair of glowing gloves for 202 gold pieces
 25659 | Orc:1    | Killed Valeaz's ghost
 26085 | D:14     | Noticed Kirke
 26090 | D:14     | Noticed a sphinx
 26149 | D:14     | Noticed a sphinx
 26149 | D:14     | Paralysed by a sphinx for 5 turns
 26291 | D:12     | Killed Kirke
 26664 | D:14     | Reached skill level 10 in Shapeshifting
 26810 | D:14     | Identified the +1 ring mail of the Gardener {rF+ rN+}
 26949 | D:14     | Reached XP level 16. HP: 114/127 MP: 30/30
 27179 | D:14     | Found a gate to the Vaults.
 27426 | D:14     | Learned a level 1 spell: Slow
 27429 | D:14     | Learned a level 2 spell: Lesser Beckoning
 27437 | D:15     | Entered Level 15 of the Dungeon
 28260 | D:15     | Found a staircase to the Depths.
 29075 | D:15     | Found a staircase to the Depths.
 29660 | Snake:1  | Entered Level 1 of the Snake Pit
 30103 | Snake:1  | Reached skill level 14 in Maces & Flails
 31388 | Snake:1  | Noticed Frances
 31415 | Snake:1  | Killed Frances
 31489 | Snake:1  | Identified the serpent talisman of Tynlair {Dex+4}
 31489 | Snake:1  | Noticed Aizul
 31515 | Snake:1  | Killed Aizul
 32043 | Snake:1  | Noticed Jorgrun
 32063 | Snake:1  | Killed Jorgrun
 32350 | Snake:1  | Found a sparkling altar of Nemelex Xobeh.
 32627 | Snake:2  | Noticed a nagaraja
 32787 | Snake:2  | Killed a nagaraja
 32930 | Snake:2  | Found Dokera Dumn's Antique Weapon Shoppe.
 32931 | Snake:2  | Found Ciakyok's Antique Weapon Shoppe.
 32931 | Snake:2  | Found Aluh's Weapon Emporium.
 32936 | Snake:2  | Found Guum's Distillery.
 33314 | Snake:2  | Reached XP level 17. HP: 115/135 MP: 32/32
 33547 | Snake:2  | Reached skill level 10 in Conjurations
 33547 | Snake:2  | Reached skill level 10 in Hexes
 33547 | Snake:2  | Reached skill level 10 in Summonings
 33547 | Snake:2  | Reached skill level 10 in Necromancy
 33547 | Snake:2  | Reached skill level 10 in Translocations
 33547 | Snake:2  | Reached skill level 10 in Fire Magic
 33547 | Snake:2  | Reached skill level 10 in Ice Magic
 33547 | Snake:2  | Reached skill level 10 in Air Magic
 33547 | Snake:2  | Reached skill level 10 in Earth Magic
 33547 | Snake:2  | Reached skill level 10 in Alchemy
 33949 | Snake:2  | Identified the +2 robe of Fedhas's Inspiration {Rampage
                  | MP+9 Int+4 Dex-2}
 34897 | Snake:2  | Found Guum's Distillery.
 34899 | Snake:2  | Found Ciakyok's Antique Weapon Shoppe.
 34899 | Snake:2  | Found Aluh's Weapon Emporium.
 34902 | Snake:2  | Found Dokera Dumn's Antique Weapon Shoppe.
 35582 | Snake:3  | Found Moateruc's Armour Shop.
 36144 | Shoals:1 | Entered Level 1 of the Shoals
 37010 | Snake:4  | Entered Level 4 of the Snake Pit
 37633 | Snake:4  | Identified the amulet of Pivveypn {Spirit ^Contam rCorr
                  | Str+3 Dex+2}
 37718 | Snake:4  | Found Gaggeo's General Store.
 39155 | Snake:4  | Found Gaggeo's General Store.
 40826 | Snake:4  | Reached XP level 18. HP: 133/143 MP: 34/34
 41396 | Snake:4  | Got a serpentine rune of Zot
 41696 | Shoals:2 | Reached skill level 15 in Maces & Flails
 42860 | Shoals:1 | Found Xuobuuvu's Overcharged Wands.
 43078 | Shoals:2 | Noticed Ilsuiw
 43122 | Shoals:2 | Killed Ilsuiw
 43231 | Shoals:2 | You are sucked into a shaft and drop 1 floor!
 44523 | Vaults:1 | Entered Level 1 of the Vaults
 44579 | Vaults:1 | Identified the +3 leather armour "Mexai" {Str+4}
 44870 | Vaults:1 | Identified a +2 trishula of holy wrath (a +0 demon trident
                  | of draining blessed by the Shining One)
 44870 | Vaults:1 | Received a gift from the Shining One
 45186 | Vaults:1 | Identified the +2 leather armour of Moral Flaws {Slay+2}
 46226 | Vaults:1 | Reached XP level 19. HP: 111/151 MP: 36/36
 46893 | Vaults:1 | Learned a level 3 spell: Swiftness
 47311 | Vaults:2 | Noticed a tentacled monstrosity
 47330 | Vaults:2 | Killed a tentacled monstrosity
 47355 | Vaults:2 | Found Vukhuott's Armour Shoppe.
 48141 | Vaults:2 | Paralysed by a formless jellyfish for 1 turns
 48529 | Vaults:2 | Reached skill level 15 in Evocations
 48857 | Vaults:2 | Noticed a golden dragon
 48870 | Vaults:2 | Identified the +4 tower shield of Kelisk {Str+3}
 48875 | Vaults:2 | Killed a golden dragon
 48879 | Vaults:2 | HP: 7/153 [ironbound frostheart/creeping frost (5)]
 48887 | Vaults:2 | HP: 6/153 [ironbound frostheart/creeping frost (8)]
 48902 | Vaults:2 | HP: 6/153 [dire elephant (23)]
 49236 | Vaults:2 | Found Muif's Book Boutique.
 49236 | Vaults:2 | Found Liufesh's Antique Weapon Boutique.
 49237 | Vaults:2 | Found Igoirod's Armour Boutique.
 49327 | Vaults:2 | Found a runed translucent gate.
 49327 | Vaults:2 | Found a runed translucent gate.
 49327 | Vaults:2 | Found a runed translucent gate.
 49327 | Vaults:2 | Noticed a tentacled monstrosity
 49337 | Vaults:2 | Noticed a tentacled monstrosity
 49338 | Vaults:2 | Noticed a tentacled monstrosity
 50072 | Vaults:2 | Identified the ring of Yptuwoz {Fly Will- Str+3}
 50329 | Vaults:3 | Reached skill level 15 in Invocations
 50359 | Vaults:3 | Reached skill level 16 in Maces & Flails
 50943 | Vaults:3 | Reached XP level 20. HP: 160/160 MP: 37/37
 51103 | Vaults:3 | Found a staircase to the Crypt.
 51492 | Vaults:3 | Learned a level 2 spell: Blink
 52746 | Vaults:3 | Acquired 696 gold pieces
 52839 | Vaults:2 | Bought the +11 swamp dragon scales of the Moon {rPois rC++
                  | Dex-5 Slay+4} for 2474 gold pieces
 53336 | Shoals:3 | Reached skill level 15 in Fighting
 53549 | Shoals:3 | Found a transporter.
 54446 | Shoals:3 | Found a transporter.
 54449 | Shoals:3 | Noticed Heipt's ghost (adept OpSh)
 54871 | Shoals:4 | Entered Level 4 of the Shoals
 55634 | Shoals:4 | Reached XP level 21. HP: 168/168 MP: 39/39
 56614 | Shoals:4 | Got a barnacled rune of Zot
 56663 | Shoals:4 | Identified the +1 great sword "Zuist" {spect, rElec Int+4}
 56834 | Shoals:4 | HP: 2/168 [alligator snapping turtle (25)]
 56856 | Shoals:4 | HP: 2/168 [merfolk javelineer/silver javelin (10)]
 56856 | Shoals:4 | Hit by a silver javelin thrown by a merfolk javelineer

Illustrated notes

Levels and vault maps discovered:
D:1:      shiori_arrival_whats_in_store_for_you, layout_rooms,
          minmay_misc_feat_secret_circle
D:2:      layout_rooms
D:3:      layout_loops_ring, chei_slow_surprise,
          shapermc_ecumenical_altar_mp_ritualfount
D:4:      layout_loops_cross, serial_bayou, serial_bayou_pond_d,
          serial_bayou_shore_b, serial_bayou_pond_a, serial_bayou_ford_a,
          serial_bayou_crossing, serial_shops, nicolae_shop_scrapyard
D:5:      layout_loops_ring, mainiacjoe_overflow_alcove_3,
          minmay_temple_entry_drinking_statues, nicolae_stop_n_shop_1,
          grunt_decor_mini_mirrors, uniq_pikel, uniq_blork_the_orc,
          uniq_prince_ribbit1
D:6:      layout_gridville, regret_index_xom_of_box, enter_ossuary_1,
          serial_rivers, chequers_serial_rivers_large_b,
          chequers_serial_rivers_micro_c, chequers_serial_rivers_micro_b,
          chequers_serial_rivers_room_a, chequers_serial_rivers_micro_d,
          chequers_serial_rivers_marsh, serial_library_hellmonk_angled_corner,
          uniq_edmund
D:7:      layout_rooms
D:8:      layout_layer_cave
D:9:      layout_basic, nicolae_overflow_hidden_temple
D:10:     layout_basic, lair_entry_dummy, hiddenorc1_lemuel
D:11:     layout_roguey, nicolae_kite_square_tiling_tiny
D:12:     layout_loops_ring
D:13:     layout_basic, nicolae_trove_entry_crystal, the_hattery
D:14:     layout_rooms, david_vaults_4, minmay_strange_pillars,
          hangedman_parallel_progression, uniq_kirke
D:15:     gammafunk_depths_entry_grave, layout_stronghold,
          corexii_hall_statues_l, minmay_diced_spiral
Temple:   nicolae_temple_bog_church
Lair:1:   layout_concentric_octagons, grunt_forest_large_clearing_hut
Lair:2:   layout_concentric_octagons, elwin_shoals_entry_rooms,
          grunt_megastairs_2, serial_bayou_shore_a
Lair:3:   layout_roguey, nicolae_snake_entry_squirm, grunt_megastairs_1
Lair:4:   layout_loops_ring, minmay_slime_entry_oklob_open
Lair:5:   evilmike_catoblepas_cave, layout_misc_corridors,
          infiniplex_staircase_pool_2, lemuel_fruit_fields
Shoals:1: layout_shoals, nicolae_shoals_seven_spires,
          nicolae_shop_overcharged_wands
Shoals:2: layout_shoals, uniq_ilsuiw
Shoals:3: layout_shoals, gammafunk_ghost_berserking_beasts
Shoals:4: shoals_end_hangedman, layout_shoals
Snake:1:  layout_onion, lemuel_altar_in_water2, uniq_aizul, uniq_frances,
          uniq_jorgrun
Snake:2:  layout_gridlike, minmay_shoptagon, grunt_megastairs_3
Snake:3:  layout_cave_town, serial_shops, nicolae_shop_behind_doors
Snake:4:  snake_pit_salamanders_mu, layout_basic, serial_shops,
          nicolae_shop_stone, serial_library_hellmonk_big_corner,
          grunt_ministairs_7, eino_curves_01, serial_bayou_shore_b
Orc:1:    layout_caves, serial_shops, nicolae_shop_peninsula,
          hellmonk_ghost_happy_afterlife, nicolae_orc_stony_grotto,
          mines5_lemuel
Orc:2:    st_orc_town, layout_diamond_mine, portal_ice_cave_entry_ice_simulacra,
          uniq_josephine
Vaults:1: nicolae_vaults_little_ls, v_misc_33, v_misc_29, v_misc_31,
          ontoclasm_vaults_ring_large, vaults_room_hallway,
          nicolae_vaults_little_squares_4, nicolae_vaults_murderbox, v_misc_10,
          nicolae_vaults_apartment_2, nicolae_vaults_big_angled_halls,
          nicolae_vaults_storage_room_water, vaults_dpeg_diagonal,
          layout_vaults_omnibox
Vaults:2: ploomutoo_gammafunk_ghost_potion_laboratory, ontoclasm_vaults_bender,
          nicolae_vaults_little_squares_6, nicolae_vaults_trapezoid_lopsided_3,
          hangedman_vaults_hard_town_square, nicolae_vaults_heist,
          ontoclasm_vaults_eye, nicolae_vaults_network_s, v_pattern_3,
          nicolae_vaults_house_3, hangedman_vaults_cutoff,
          nicolae_vaults_storage_room_statues, nicolae_vaults_trapezoid_4,
          layout_vaults_chaotic_city, serial_shops, shop
Vaults:3: v_misc_1, minmay_crypt_entry_skeletal_spiral, vaults_mumra_minichess,
          nicolae_vaults_theta, nicolae_vaults_trapezoid_1,
          ontoclasm_vaults_loading_screen, nicolae_vaults_specimen_jars,
          hangedman_vaults_pinch, nicolae_vaults_disjoint_gnomons,
          nicolae_vaults_off_center_swirl, ontoclasm_vaults_hangar,
          nicolae_vaults_network_quinsquares
          [nicolae_vaults_network_quincunx_subvault,
          nicolae_vaults_network_quincunx_subvault,
          nicolae_vaults_network_quincunx_subvault,
          nicolae_vaults_network_quincunx_subvault], vaults_room_stairs_pillars,
          vaults_mumra_chevron_long, nicolae_vaults_double_plus_2,
          nicolae_vaults_heart-shaped_vault, layout_vaults_big_cross

Skill      XL: |  1  2  3  4  5  6  7  8  9 10 11 12 13 14 15 16 17 18 19 20 |
---------------+-------------------------------------------------------------+-----
Invocations    | 1 2 3 4 5 6 7 8 9 10 11 12 13 14 15 | 15.9
Long Blades    | 1 2 3 5 6 7 8 9 10 11 12 13 14 | 14.7
Axes           | 1 2 3 5 6 7 8 9 10 11 12 13 14 | 14.7
Polearms       | 1 2 3 5 6 7 8 9 10 11 12 13 14 | 14.7
Staves         | 1 2 3 5 6 7 8 9 10 11 12 13 14 | 14.7
Ranged Weapons | 1 2 3 5 6 7 8 9 10 11 12 13 14 | 14.7
Throwing       | 1 2 3 5 6 7 8 9 10 11 12 13 14 | 14.7
Armour         | 1 2 3 5 6 7 8 9 10 11 12 13 14 | 14.7
Dodging        | 1 2 3 5 6 7 8 9 10 11 12 13 14 | 14.7
Stealth        | 1 2 3 5 6 7 8 9 10 11 12 13 14 | 14.7
Shields        | 1 2 3 5 6 7 8 9 10 11 12 13 14 | 14.7
Unarmed Combat | 1 2 3 5 6 7 8 9 10 11 12 13 14 | 14.7
Spellcasting   | 1 2 3 5 6 7 8 9 10 11 12 13 14 | 14.7
Conjurations   | 1 2 3 4 5 6 7 8 9 10 11 12 | 12.5
Hexes          | 1 2 3 4 5 6 7 8 9 10 11 12 | 12.5
Summonings     | 1 2 3 4 5 6 7 8 9 10 11 12 | 12.5
Necromancy     | 1 2 3 4 5 6 7 8 9 10 11 12 | 12.5
Translocations | 1 2 3 4 5 6 7 8 9 10 11 12 | 12.5
Fire Magic     | 1 2 3 4 5 6 7 8 9 10 11 12 | 12.5
Ice Magic      | 1 2 3 4 5 6 7 8 9 10 11 12 | 12.5
Air Magic      | 1 2 3 4 5 6 7 8 9 10 11 12 | 12.5
Earth Magic    | 1 2 3 4 5 6 7 8 9 10 11 12 | 12.5
Alchemy        | 1 2 3 4 5 6 7 8 9 10 11 12 | 12.5
Shapeshifting  | 1 2 3 4 5 6 7 8 9 10 11 12 13 | 13.5
Short Blades   | 3 4 5 6 7 8 9 10 11 12 13 14 | 14.9
Fighting       | 5 6 7 8 9 10 11 12 13 14 15 | 15.3
Evocations     | 7 8 9 10 11 12 13 14 15 | 15.9
Maces & Flails | 9 10 11 12 13 14 15 16 | 16.7

Action                     |  1- 3 |  4- 6 |  7- 9 | 10-12 | 13-15 | 16-18 | 19-21 || total
---------------------------+-------+-------+-------+-------+-------+-------+-------++-------
  Melee: Mace              |    89 |    92 |   183 |       |       |       |       ||   364
         Bite              |     6 |     4 |    39 |   107 |   336 |   363 |   280 ||  1135
         Punch             |     1 |     1 |       |       |       |       |       ||     2
         Flail             |       |       |   138 |   263 |       |       |       ||   401
         Spear             |       |       |       |   439 |  1843 |  1851 |       ||  4133
         Unarmed           |       |       |       |       |     1 |       |     3 ||     4
         Trishula          |       |       |       |       |       |   223 |  1534 ||  1757
  Throw: Dart              |       |     4 |     6 |     2 |       |       |       ||    12
 Invoke: Divine Shield     |       |       |       |       |     3 |     3 |     2 ||     8
         Cleansing Flame   |       |       |       |       |     1 |       |       ||     1
         Summon Divine War |       |       |       |       |     1 |     6 |     2 ||     9
         Brand Weapon With |       |       |       |       |       |     1 |       ||     1
  Evoke: Wand              |       |       |       |     2 |       |       |     1 ||     3
    Use: Scroll            |       |     1 |     9 |    13 |     6 |    12 |     8 ||    49
         Potion            |       |       |     2 |       |     2 |     3 |     5 ||    12
 Armour: Ring mail         |    58 |       |       |       |       |       |       ||    58
         Scale mail        |       |    70 |   162 |       |       |       |       ||   232
         Chain mail        |       |       |    80 |   463 |   529 |   550 |    13 ||  1635
         Robe              |       |       |       |       |    68 |       |       ||    68
         Plate armour      |       |       |       |       |    74 |       |   237 ||   311
         Skin              |       |       |       |       |     3 |       |     5 ||     8
         Swamp dragon scal |       |       |       |       |       |       |   231 ||   231
  Dodge: Dodged            |    45 |    42 |   143 |   265 |   510 |   345 |   282 ||  1632
  Block: Buckler           |       |       |    61 |   185 |   635 |       |       ||   881
         Reflection        |       |       |       |       |    26 |   226 |   125 ||   377
         Tower shield      |       |       |       |       |   150 |  1917 |  1536 ||  3603
         Form:             |       |       |       |       |       |     1 |       ||     1
         Serpent           |       |       |       |       |       |     1 |       ||     1
